 Dungeon Sprint DCSS version 0.31-a0-18-gea43df2a32 (webtiles) character file.

Game seed: 8970101857954247922

8571 sircluck the Brawler (level 11, -5/186 HPs)
             Began as a Troll Berserker on May 10, 2023.
             Was a High Priest of Trog.
             Killed from afar by an electric eel (13 damage)
             ... with a bolt of electricity
             ... in the Dungeon (Sprint II: "The Violet Keep of Menkaure").
             The game lasted 00:06:28 (1048 turns).

sircluck the Brawler (Troll Berserker)              Turns: 1048, Time: 00:06:28

Health: -5/186     AC:  3    Str: 36    XL:     11   Next: 11%
Magic:  8/8        EV: 13    Int:  3    God:    Trog [*****.]
Gold:   92         SH:  0    Dex:  9    Spells: 10/10 levels left

rFire   . .          .
                       - Unarmed
rCold   . . .        (no shield)
rNeg    . . .        a - +0 animal skin
rPois   .            (helmet restricted)
rElec   .            (no cloak)
rCorr   .            (gloves unavailable)
SInv    .            (boots unavailable)
Will    ++...        m - amulet of the Locust {Faith Will+ Regen+} Stlth
                     h - ring "Doraeme" {Fly Will+ Str+5}
HPRegen 2.11/turn    (no ring)
MPRegen 0.11/turn

%: no teleportation, faith
@: berserking, flying, very quick
A: large, unfitting armour, claws 3, regeneration 1, shaggy fur 1, tough skin 1,
deformed body, deterioration 1, low MP 1, screaming 1
a: Renounce Religion, Berserk, Trog's Hand, Brothers in Arms


You were in the Dungeon.
You worshipped Trog.
Trog was extremely pleased with you.
You visited 1 branch You collected 1388 gold pieces.
You spent 1296 gold pieces at shops.

Inventory:

Armour
 a - a +0 animal skin (worn)
Jewellery
 h - the ring "Doraeme" (left claw) {Fly Will+ Str+5}
   (You bought it in a shop in the Dungeon)

   [ring of flight]

   Str:       It affects your strength (+5).
   Fly:       It grants you flight.
   Will:      It increases your willpower.
 m - the amulet of the Locust (around neck) {Faith Will+ Regen+}
   (You acquired it in the Dungeon)

   [amulet of faith]

   It allows you to gain divine favour quickly.
   Regen:     It increases your rate of health regeneration.
   Will:      It increases your willpower.
Potions
 b - a potion of curing
 c - a potion of heal wounds
 d - a potion of haste
 e - 2 potions of magic
 f - a potion of berserk rage
 i - a potion of cancellation {unknown}
 j - a potion of brilliance {unknown}
 k - 3 potions of flight {unknown}
 l - a potion of lignification {unknown}


   Skills:
 + Level 12.3 Fighting
 + Level 11.8 Dodging
 + Level 1.8 Stealth
 + Level 18.8 Unarmed Combat


You had 10 spell levels left.
You didn't know any spells.
Your spell library was empty.

Dungeon Overview and Level Annotations

Branches:
Dungeon (1/1)

Altars:

Shops:
D (=*!:[([=:(([[[=!?([[[=(:?[

Annotations:
D exclusion: oklob plant, Roxanne


Innate Abilities, Weirdness & Mutations

You are too large for most types of armour.
You have claws for hands.
Your natural rate of healing is unusually fast.
You are covered in fur. (AC +1)
You have tough skin. (AC +1)
Armour fits poorly on your strangely shaped body.
Your body sometimes deteriorates upon taking damage.
Your magical capacity is low. (-10% MP)
You occasionally shout uncontrollably at your foes.


Message History

You mangle the cacodemon!!
The cacodemon is almost dead.
The electric eel shoots out a bolt of lightning at you!
The bolt of electricity hits your troll!
The bolt of electricity hits the bone dragon.
The bone dragon resists.
The bolt of electricity hits you.
* * * LOW HITPOINT WARNING * * *
The bolt of electricity hits you!
* * * LOW HITPOINT WARNING * * *
The cacodemon gestures at you.
Strange energies course through your body.
You feel yourself wasting away.
The storm dragon is poisoned.
You barely miss the cacodemon.
The cacodemon is almost dead.
Your troll bites the electric eel!!
The electric eel dies!
Trog accepts your kill.
You mangle the cacodemon!!
You feel the power of Trog in you as your rage grows.
You kill the cacodemon!
Trog accepts your kill.
Your troll barely misses the electric eel.
Your troll closely misses the electric eel.
Your troll claws the electric eel but does no damage.
You barely miss the golden dragon.
Your troll bites the electric eel!!
The electric eel dies!
Trog accepts your kill.
You eviscerate the golden dragon!!! You claw the golden dragon.
The golden dragon is heavily wounded.
The frost giant seems less brilliant.
The frost giant points at you and mumbles some strange words.
The bolt of cold misses you.
The electric eel shoots out a bolt of lightning at you!
The bolt of electricity hits your troll.
The bolt of electricity hits the bone dragon but does no damage.
The bolt of electricity hits you!
* * * LOW HITPOINT WARNING * * *
The bolt of electricity hits you!
You die...

∩∩∩∩#..###≈≈§§§≈§≈≈##
######..'SS≈§§§§§§≈≈#
C##...####≈≈§§§S≈≈≈#
De.D...D~##≈§SSS≈S#
########~~#+++#T''##
#######~~~.D~e§§.~~#
......#~~~~..~§.D~.#
..⌠...#~~~~#C.#D##.####
.∩.∩..#~~~~#....@.....#
∩.∩.∩.#~~####..)####..##
.∩.∩.∩#~##.###'.##.##..#
∩.....#~#..###)#..#.#.§#
.....∩'~'##.'.<.'.##+..###
......#~#.)###.##...#....###.
▓▓▓▓###~##.###'###.##......~~
h######~~####...####~~...§.~#
l#E. ##~~~#..#..#~~~§~~~..~#


You could see a bone dragon, a storm dragon (poisoned), a frost giant
(poisoned), a deep elf high priest, 4 electric eels and a friendly troll
(summoned, berserk).

Vanquished Creatures
  A cacodemon (D)
  A yaktaur captain (D)
  A fire dragon (D)
  A centaur warrior (D)
  A skeletal warrior (D)
  A shining eye (D)
  An elephant (D)
  2 unseen horrors (D)
  A kobold demonologist (D)
  2 wyverns (D)
  4 neqoxecs (D)
  Menkaure (D)
  A water moccasin (D)
  5 necrophages (D)
  5 scorpions (D)
  An electric eel (D)
  An iron imp (D)
  A spectral bat (D)
  A spectral quokka (D)
32 creatures vanquished.

Vanquished Creatures (collateral kills)
  Kirke (D)
  2 shining eyes (D)
  3 yaks (D)
  2 electric eels (D)
8 creatures vanquished.

Grand Total: 40 creatures vanquished

Notes
Turn   | Place    | Note
-------+----------+-------------------------------------------
     0 | D        | sircluck the Troll Berserker began the quest for the Orb.
     0 | D        | Reached XP level 1. HP: 22/22 MP: 0/0
     1 | D        | Noticed a neqoxec
     1 | D        | Noticed a neqoxec
     1 | D        | Noticed a neqoxec
     1 | D        | Noticed a neqoxec
     6 | D        | Lost intelligence.
    10 | D        | Gained mutation: Armour fits poorly on your strangely
                  | shaped body. [a neqoxec]
    12 | D        | Killed a neqoxec
    13 | D        | Reached skill level 5 in Fighting
    13 | D        | Reached skill level 5 in Dodging
    13 | D        | Reached skill level 6 in Unarmed Combat
    13 | D        | Reached XP level 2. HP: 35/35 MP: 1/1
    13 | D        | Reached XP level 3. HP: 42/42 MP: 2/2
    13 | D        | Reached XP level 4. HP: 50/50 MP: 3/3
    14 | D        | Killed a neqoxec
    15 | D        | Reached skill level 7 in Unarmed Combat
    15 | D        | Reached XP level 5. HP: 61/61 MP: 4/4
    16 | D        | Gained mutation: You occasionally shout uncontrollably at
                  | your foes. [a neqoxec]
    19 | D        | Killed a neqoxec
    19 | D        | Reached ** piety under Trog
    20 | D        | Reached skill level 8 in Unarmed Combat
    20 | D        | Reached XP level 6. HP: 71/71 MP: 5/5
    28 | D        | Killed a neqoxec
    29 | D        | Reached skill level 9 in Unarmed Combat
    70 | D        | Reached XP level 7. HP: 77/80 MP: 6/6
    71 | D        | Reached *** piety under Trog
    74 | D        | Reached skill level 10 in Unarmed Combat
   103 | D        | Reached **** piety under Trog
   111 | D        | Reached skill level 11 in Unarmed Combat
   119 | D        | Noticed a wyvern
   119 | D        | Noticed a wyvern
   123 | D        | Killed a wyvern
   124 | D        | Reached XP level 8. HP: 85/92 MP: 7/7
   275 | D        | Found Loxkixid's Magic Scroll Shoppe.
   275 | D        | Found Jaereul's Antique Weapon Emporium.
   275 | D        | Found Vawenunyse's Distillery.
   275 | D        | Found Noxi Pepn's Book Emporium.
   275 | D        | Found Bonol's Armour Shoppe.
   275 | D        | Found Forph's Jewellery Shoppe.
   275 | D        | Found Hecvony's Jewellery Emporium.
   276 | D        | Found Xocrit's Armour Shoppe.
   276 | D        | Found Nuhucuw's Antique Armour Emporium.
   276 | D        | Found Rimo's Antique Weapon Emporium.
   276 | D        | Noticed Menkaure
   279 | D        | Killed Menkaure
   279 | D        | Reached ***** piety under Trog
   280 | D        | Reached skill level 12 in Unarmed Combat
   285 | D        | Found Gadaz's Jewellery Shoppe.
   285 | D        | Found Emeqip's Antique Armour Emporium.
   285 | D        | Noticed an oklob plant
   286 | D        | Found Etyas's Distillery.
   286 | D        | Found Qallos's General Store.
   286 | D        | Found Valon's Book Shoppe.
   309 | D        | Noticed an iron elemental
   319 | D        | Bought the ring "Doraeme" {Fly Will+ Str+5} for 568 gold
                  | pieces
   348 | D        | Identified Roxanne's Enchiridion on Metamorphosis
   348 | D        | Noticed Roxanne
   376 | D        | Noticed Kirke
   376 | D        | Noticed a kobold demonologist
   376 | D        | Noticed a skeletal warrior
   376 | D        | Noticed a centaur warrior
   377 | D        | Noticed a yaktaur captain
   398 | D        | Killed a skeletal warrior
   398 | D        | Received a gift from Trog
   399 | D        | Reached skill level 10 in Fighting
   399 | D        | Reached skill level 13 in Unarmed Combat
   399 | D        | Reached XP level 9. HP: 71/101 MP: 8/8
   641 | D        | Killed a kobold demonologist
   657 | D        | Killed Kirke
   658 | D        | Reached skill level 10 in Dodging
   658 | D        | Reached skill level 14 in Unarmed Combat
   660 | D        | Killed a centaur warrior
   661 | D        | Reached skill level 1 in Stealth
   661 | D        | Reached skill level 15 in Unarmed Combat
   724 | D        | Noticed an elephant
   727 | D        | Killed a yaktaur captain
   728 | D        | Reached skill level 16 in Unarmed Combat
   728 | D        | Reached XP level 10. HP: 74/114 MP: 9/9
   737 | D        | Killed an elephant
   791 | D        | Received a gift from Trog
   799 | D        | Noticed a fire dragon
   803 | D        | Killed a fire dragon
   830 | D        | Noticed a shining eye
   830 | D        | Noticed a shining eye
   830 | D        | Noticed a shining eye
   837 | D        | Reached skill level 17 in Unarmed Combat
   840 | D        | Killed a shining eye
   840 | D        | Received a gift from Trog
   844 | D        | Gained mutation: Your magical capacity is low. (-10% MP) [a
                  | shining eye]
   846 | D        | Killed a shining eye
   850 | D        | Reached skill level 18 in Unarmed Combat
   852 | D        | Killed a shining eye
   853 | D        | Reached XP level 11. HP: 46/123 MP: 8/8
   868 | D        | Found Noxi Pepn's Antique Weapon Emporium.
   868 | D        | Found Leecatso's Armour Shop.
   868 | D        | Found Nupleis's Jewellery Shop.
   868 | D        | Found Neli's Antique Weapon Shoppe.
   868 | D        | Found Funnutib's Antique Weapon Boutique.
   869 | D        | Found Xas Onum's Book Shoppe.
   869 | D        | Found Geragropa's Antique Armour Boutique.
   869 | D        | Found Amyarir's Magic Scroll Emporium.
   869 | D        | Found Nydainit's Antique Armour Shop.
   869 | D        | Found Ciulesh's Armour Emporium.
   869 | D        | Found Hacrupoy's Weapon Shop.
   869 | D        | Found Sebboto's Antique Armour Shoppe.
   921 | D        | Bought a scroll of acquirement for 728 gold pieces
   921 | D        | Acquired the amulet of the Locust {Faith Will+ Regen+}
  1024 | D        | Noticed a storm dragon
  1024 | D        | Noticed a golden dragon
  1024 | D        | Noticed a cacodemon
  1024 | D        | Noticed a bone dragon
  1024 | D        | Noticed a deep elf high priest
  1024 | D        | Noticed a frost giant
  1044 | D        | Gained mutation: Your body sometimes deteriorates upon
                  | taking damage. [a cacodemon]
  1046 | D        | Killed a cacodemon
  1048 | D        | HP: 8/186 [electric eel/bolt of electricity (13)]
  1048 | D        | Killed from afar by an electric eel

Illustrated notes

Levels and vault maps discovered:
D:        the_violet_keep_of_menkaure [sprint2_stairs_cluster_1,
          sprint2_shoproom, sprint2_temple, sprint2_basic_supplies,
          sprint2_obstacle_6, sprint2_obstacle_5, sprint2_obstacle_7,
          sprint2_obstacle_4, sprint2_obstacle_2, sprint2_timed_cluster_1,
          sprint2_smallroom_cluster_1, sprint2_smallroom_final_cluster_1,
          sprint2_transparent_cluster_1, sprint2_second_timed_cluster_1,
          sprint2_sniper_area_1, sprint2_heavy_combat_area_1,
          sprint2_mutation_trap_area_1, sprint2_forest_area_1,
          sprint2_light_combat_area_1, sprint2_behind_water_1,
          sprint2_near_end_vault_1]

Skill      XL: |  1  2  3  4  5  6  7  8  9 10 |
---------------+-------------------------------+-----
Fighting       | 5 6 7 8 9 10 11 12 | 12.3
Dodging        | 5 6 7 8 9 10 11 | 11.8
Unarmed Combat | 6 7 8 9 11 13 16 18 | 18.8
Stealth        | 1 |  1.8

Action                     |  1- 3 |  4- 6 |  7- 9 | 10-12 || total
---------------------------+-------+-------+-------+-------++-------
  Melee: Unarmed           |     7 |    19 |    45 |    30 ||   101
         Punch             |     1 |     2 |     6 |     6 ||    15
 Invoke: Berserk           |     1 |       |     2 |     2 ||     5
         Brothers in Arms  |       |       |     1 |     2 ||     3
    Use: Scroll            |       |       |       |     2 ||     2
 Armour: Animal skin       |     1 |     2 |     4 |     5 ||    12
  Dodge: Dodged            |     2 |     4 |    22 |    10 ||    38

Table legend: (Time is in decaauts)
 A = Elapsed time spent in this place.
 B = Non-inter-level travel time spent in this place.
 C = Inter-level travel time spent in this place.
 D = Time resting spent in this place.
 E = Time spent auto-exploring this place.
 F = Levels seen in this place.
 G = Mean time per level.
                   A        B        C        D        E       F      G
               +--------+--------+--------+--------+--------+-----+--------+
         Total |   1061 |    996 |     65 |    590 |     69 |   1 | 1061.0 |
       Dungeon |   1061 |    996 |     65 |    590 |     69 |   1 | 1061.0 |
               +--------+--------+--------+--------+--------+-----+--------+

Top non-repeatable levels by time:
       D: 1061 daAuts
